 Dungeon Crawl Stone Soup version 0.21.0-3-g78d12a8 (webtiles) character file.

335 inmateoo the Vexing (level 6, -1/24 HPs)
             Began as a Felid Enchanter on Jan 8, 2018.
             Was a Follower of Hepliaklqana.
             Killed from afar by an orc wizard (4 damage)
             ... with a magic dart
             ... on level 3 of the Dungeon on Jan 9, 2018.
             The game lasted 00:06:46 (3766 turns).

inmateoo the Vexing (Felid Enchanter)               Turns: 3766, Time: 00:06:47

Health: -1/24      AC:  2    Str:  4    XL:     6   Next: 28%
Magic:  1/11       EV: 20    Int: 16    God:    Hepliaklqana [*.....]
Gold:   213        SH:  0    Dex: 19    Spells: 2/11 levels left
                                        Lives:  0   Deaths: 1

rFire    . . .     SeeInvis +     - Unarmed
rCold    . . .     Gourm    .   (shield unavailable)
rNeg     . . .     Faith    .   (armour unavailable)
rPois    .         Spirit   .   (helmet unavailable)
rElec    .         Reflect  .   (cloak unavailable)
rCorr    .         Harm     .   (gloves unavailable)
MR       .....                  (boots unavailable)
Stlth    ++++......             (no amulet)
HPRegen  0.08/turn              (no ring)
MPRegen  0.12/turn              (no ring)

@: very slightly contaminated, quick
A: very small, no armour, no weapons or thrown items, stealth, reduced essence,
claws 1, fangs 3, see invisible, carnivore, speed 1, shaggy fur 2, slow
metabolism 1, sharp paws
a: Recall Ancestor, Ancestor Identity, Renounce Religion


You were on level 3 of the Dungeon.
You worshipped Hepliaklqana.
Hepliaklqana was aware of your devotion.
You were full.

You visited 1 branch of the dungeon, and saw 4 of its levels.

You collected 213 gold pieces.

Inventory:

Wands
 k - a wand of flame (19)
Scrolls
 g - a scroll of remove curse {unknown}
 i - a scroll of magic mapping {unknown}
Potions
 c - a potion of invisibility
 d - 3 potions of brilliance
 e - a potion of ambrosia
 f - 3 potions of agility {unknown}
 h - a potion of flight {unknown}
 j - a potion of degeneration {unknown}
 l - 5 potions of curing {unknown}
 n - a potion of lignification {unknown}
Books
 a - a book of Maledictions

   Spells                             Type                      Level
   a - Corona                         Hexes                        1
   b - Ensorcelled Hibernation        Hexes/Ice                    2
   c - Confuse                        Hexes                        3
   d - Tukima's Dance                 Hexes                        3
   e - Dazzling Spray                 Conjuration/Hexes            3
 m - a book of Cantrips

   Spells                             Type                      Level
   a - Confusing Touch                Hexes                        1
   b - Animate Skeleton               Necromancy                   1
   c - Summon Small Mammal            Summoning                    1
   d - Apportation                    Translocation                1
Comestibles
 b - 8 rations


   Skills:
 + Level 2.4 Fighting
 + Level 4.4 Dodging
 + Level 5.5 Stealth
 * Level 3.8 Unarmed Combat
 + Level 3.1 Spellcasting
 + Level 5.8 Hexes


You had 2 spell levels left.
You knew the following spells:

 Your Spells              Type           Power        Failure   Level  Hunger
a - Ensorcelled Hibernat  Hex/Ice        ##....       9%          2    ##.....
b - Corona                Hex            ###....      1%          1    None
c - Confuse               Hex            ###.....     4%          3    ###....
d - Tukima's Dance        Hex            ###.....     4%          3    ###....


Dungeon Overview and Level Annotations

Branches:
Dungeon (4/15)             Temple (0/1) D:4

Altars:
Hepliaklqana
Sif Muna
Vehumet

Annotations:
D:4 Pikel


Innate Abilities, Weirdness & Mutations

You cannot wear armour.
You are incapable of wielding weapons or throwing items.
Your paws allow you to move quietly. (Stealth)
You have sharp claws.
You have razor-sharp teeth.
You have supernaturally acute eyesight. (SInv)
You are carnivorous and can eat meat at any time.
You cover ground quickly.
You are covered in thick fur. (AC +2)
You have a slow metabolism.
Your sharp claws are effective at attacking unaware monsters.
Your life essence is reduced to manifest your ancestor. (-10% HP)


Message History

The orc wizard hits you with a vampiric dagger.
The orc wizard draws strength from your wounds!
Unknown command.
You closely miss the orc wizard.
You bite the orc wizard, but do no damage.
The orc wizard points at you and mumbles some strange words.
The magic dart hits you!
You scratch the orc wizard.
You bite the orc wizard, but do no damage.
The orc wizard is lightly wounded.
The orc wizard casts a spell at you. The puff of flame misses you.
You closely miss the orc wizard.
The orc wizard is lightly wounded.
The orc wizard casts a spell at you. The magic dart hits you!
* * * LOW HITPOINT WARNING * * *
The orc wizard casts a spell at you. The magic dart hits you!
You die...

#.....# #####.#.######..###.###
#.....#### ##)## ###........
#.....##.## #'# ##.#.....###
#....###..## ##.## ##..#.....#
##...####...###.#.###....######
.............##.#.##.....#
########......#.#.#......# #
#.......#.#.......# #
#.#>#####@###.###.# ## # #.#.#
##.# #.# #.# ###. #
#.#o####..###.###.# #... #
#.#o#..o..........# #... #
#.#.#o#######..#### #...
########'#.#)######.#.########...
......................#..........
####.......#.#....#####.#########
...+.........+....'......#....#


You could see an orc wizard.

Vanquished Creatures
  Sigmund (D:4)
  A hound (D:4)
  An orc wizard (D:4)
  Terence (D:3)
  Natasha (thrice) (D:3)
  A worker ant (D:4)
  4 gnolls (D:3)
  4 adders
  An ooze (D:3)
  A worm (D:3)
  A dart slug (D:1)
  4 leopard geckos
  5 orcs (D:3)
  A ball python (D:1)
  3 giant cockroaches
  4 goblins
  5 hobgoblins
  5 kobolds
  A quokka (D:2)
  5 bats
  5 frilled lizards
  A jackal skeleton (D:4)
  7 rats
65 creatures vanquished.

Vanquished Creatures (collateral kills)
  An orc (D:3)
1 creature vanquished.

Vanquished Creatures (others)
  An ancestor (D:4)
1 creature vanquished.

Grand Total: 67 creatures vanquished

Notes
Turn   | Place    | Note
-------+----------+-------------------------------------------
     0 | D:1      | inmateoo the Felid Enchanter began the quest for the Orb.
     0 | D:1      | Reached XP level 1. HP: 7/7 MP: 4/4
    36 | D:2      | Reached XP level 2. HP: 7/12 MP: 6/6
   143 | D:2      | Learned a level 2 spell: Ensorcelled Hibernation
   147 | D:2      | Found a radiant altar of Vehumet.
   422 | D:2      | Reached XP level 3. HP: 7/15 MP: 3/7
   989 | D:1      | Reached skill level 1 in Fighting
  1014 | D:1      | Learned a level 3 spell: Confuse
  1593 | D:3      | Noticed Terence
  1854 | D:3      | Reached XP level 4. HP: 19/19 MP: 4/8
  1954 | D:3      | Killed Terence
  1954 | D:3      | Reached skill level 5 in Hexes
  1993 | D:3      | Noticed Natasha
  2003 | D:3      | Killed Natasha
  2128 | D:3      | Reached XP level 5. HP: 15/22 MP: 1/9
  2466 | D:3      | Found a hazy altar of Hepliaklqana.
  2620 | D:3      | Became a worshipper of Hepliaklqana the Forgotten
  3076 | D:3      | Learned a level 3 spell: Tukima's Dance
  3100 | D:3      | Noticed Natasha
  3106 | D:3      | Killed Natasha
  3106 | D:3      | Reached skill level 5 in Stealth
  3118 | D:3      | Noticed Natasha
  3128 | D:3      | Killed Natasha
  3464 | D:4      | Gained mutation: You are covered in thick fur. (AC +2) [Felid growth]
  3464 | D:4      | Reached XP level 6. HP: 22/23 MP: 7/11
  3484 | D:4      | Noticed a slave
  3485 | D:4      | Noticed Pikel
  3485 | D:4      | Noticed a slave
  3485 | D:4      | Noticed a slave
  3486 | D:4      | Noticed a slave
  3524 | D:4      | Mangled by Pikel
  3525 | D:4      | Reached XP level 5. HP: -7/19 MP: 8/10
  3566 | D:4      | Found a staircase to the Ecumenical Temple.
  3595 | D:4      | Noticed Sigmund
  3607 | D:4      | Killed Sigmund
  3607 | D:4      | Reached XP level 6. HP: 24/24 MP: 7/11
  3622 | D:4      | Reached * piety under Hepliaklqana
  3680 | D:4      | Found a deep blue altar of Sif Muna.
  3766 | D:3      | Killed from afar by an orc wizard

Skill      XL: |  1  2  3  4  5 |
---------------+----------------+-----
Dodging        | 3 4 |  4.4
Unarmed Combat | 2 3 |  3.8
Fighting       | 1 2 |  2.4
Hexes          | 5 |  5.8
Stealth        | 5 |  5.5
Spellcasting   | 3 |  3.1

Action                   |  1- 3 |  4- 6 || total
-------------------------+-------+-------++-------
Melee: Unarmed           |   112 |   117 ||   229
       Bite              |     3 |    16 ||    19
       Punch             |       |     2 ||     2
 Cast: Ensorcelled Hiber |    17 |     7 ||    24
       Confuse           |     1 |    17 ||    18
       Corona            |       |     3 ||     3
  Use: Scroll            |       |     6 ||     6
 Stab: Sleeping          |    19 |     7 ||    26
       Confused          |     1 |    14 ||    15
  Eat: Chunk             |     4 |    12 ||    16
Armor: Skin              |     5 |     3 ||     8
Dodge: Dodged            |    89 |    94 ||   183
